 Dungeon Crawl Stone Soup version 0.28.0-45-g0d030f2227 (webtiles) character file.

Game seed: 13444245661951546299

10891 Icepheonix32 the Fencer (level 11, -8/180 HPs)
             Began as a Demonspawn Fighter on Apr 6, 2022.
             Was an Elder of Makhleb.
             Killed by mirror damage (11 damage)
             ... on level 11 of the Dungeon.
             The game lasted 00:22:02 (9358 turns).

Icepheonix32 the Fencer (Demonspawn Fighter)        Turns: 9358, Time: 00:22:03

Health: -8/180     AC: 25    Str: 20    XL:     11   Next: 42%
Magic:  15/16      EV:  2    Int: 16    God:    Makhleb [****..]
Gold:   690        SH: 10    Dex: 15    Spells: 10/10 levels left

rFire   + . .      SeeInvis .   q - +8 falchion "Powka" {drain, rPois}
rCold   + . .      Faith    .   c - +0 buckler
rNeg    . . .      Spirit   .   (armour currently unavailable)
rPois   +          Reflect  +   (helmet currently unavailable)
rElec   +          Harm     .   (cloak currently unavailable)
rCorr   +          Rampage  .   (gloves currently unavailable)
Will    .....      NoTele   +   (boots currently unavailable)
Stlth   ..........              e - amulet of reflection
HPRegen 1.40/turn               G - +6 ring of intelligence
MPRegen 0.15/turn               (no ring)

@: brilliant, berserking, tree-form, resistant, weak-willed, attractive, hasted
and slowed, invisible
A: stationary, stasis, torment immunity, boosted hp, (slimy green scales 1),
foul stench 1, powered by death 1, (demonic touch 1), agile 1, subdued magic 1
a: Renounce Religion, Minor Destruction, Lesser Servant of Makhleb, Major
Destruction


You were on level 11 of the Dungeon.
You worshipped Makhleb.
Makhleb was greatly pleased with you.
You were a tree.
You visited 2 branches of the dungeon, and saw 12 of its levels.
You also visited: Bailey.

You collected 1002 gold pieces.
You spent 312 gold pieces at shops.

Inventory:

Hand Weapons
 b - a +1 falchion of venom
 q - the +8 falchion "Powka" (weapon) {drain, rPois}
   (You found it on level 4 of the Dungeon)

   A truly terrible weapon, it drains the life of any living foe it strikes.
   rPois:     It protects you from poison.
 u - a +2 antimagic spear
 v - a +5 short sword of holy wrath
 E - a +0 scimitar
 V - the +7 dagger of Watchfulness {speed, *Slow rC+ Str+7}
   (You found it on level 10 of the Dungeon)

   Attacks with this weapon are significantly faster.
   Str:       It affects your strength (+7).
   rC:        It protects you from cold.
   *Slow:     It may slow you when you take damage.
Missiles
 f - 40 poisoned darts
 o - 36 boomerangs
 A - 4 throwing nets
 D - 4 javelins
 J - 7 curare-tipped darts (quivered)
 P - 10 datura-tipped darts
 R - 4 silver javelins
Armour
 c - a +0 buckler (worn)
 h - a +0 tower shield
 n - a +1 ring mail of willpower
 y - a +0 helmet (melded)
 B - a +0 scale mail of fire resistance
 C - a +0 pair of gloves (melded)
 H - a +0 cloak (melded)
 N - a +0 pair of boots (melded)
 S - a +3 troll leather armour (melded) {Snorg}
Jewellery
 e - an amulet of reflection (around neck)
 G - a +6 ring of intelligence (left branch)
 L - a ring of fire
 Q - a ring of fire
Wands
 F - a wand of mindburst (12)
 I - a wand of polymorph (7)
 T - a wand of flame (20)
Scrolls
 i - 3 scrolls of immolation
 k - 2 scrolls of teleportation
 p - 3 scrolls of fear {unknown}
 r - a scroll of vulnerability
 s - a scroll of fog {unknown}
 w - a scroll of silence {unknown}
 z - a scroll of noise
 O - 3 scrolls of identify
Potions
 a - a potion of attraction
 g - 2 potions of haste
 m - 3 potions of curing
 t - a potion of resistance
 x - 2 potions of magic
 U - a potion of ambrosia {unknown}


   Skills:
 + Level 5.3 Fighting
 * Level 15.8 Long Blades
 + Level 3.7 Throwing
 + Level 5.4 Armour
 + Level 2.3 Dodging
 + Level 1.5 Stealth
 + Level 5.2 Shields
 * Level 6.7 Invocations


You had 10 spell levels left.
You didn't know any spells.
Your spell library contained the following spells:

 Spells                   Type           Power      Damage    Failure   Level
 Static Discharge         Conj/Air       0%         N/A       38%         2
 Dispel Undead            Necr           0%         3d6       96%         4
 Leda's Liquefaction      Hex/Erth       0%         N/A       96%         4
 Sticky Flame             Conj/Fire      0%         2d3       96%         4
 Summon Ice Beast         Ice/Summ       0%         N/A       96%         4
 Lee's Rapid Deconstruct  Erth           0%         3d5*      100%        5
 Summon Mana Viper        Hex/Summ       0%         N/A       100%        5
 Statue Form              Tmut/Erth      0%         N/A       100%        6
 Monstrous Menagerie      Summ           0%         N/A       100%        7


Dungeon Overview and Level Annotations

Branches:
Dungeon (11/15)            Temple (1/1) D:4          Bailey (visited)
   Lair: D:8-11         Orc: D:9-12

Altars:
Ashenzari
Cheibriados
Dithmenos
Elyvilon
Fedhas
Gozag
Hepliaklqana
Kikubaaqudgha
Makhleb
Nemelex Xobeh
Okawaru
Qazlal
Ru
Sif Muna
Trog
Uskayaw
Vehumet
Wu Jian
Xom
Yredelemnul
Zin
The Shining One

Shops:
D:6 [   D:9 !*

Annotations:
D:6 4 runed translucent doors
D:10 1 runed translucent door, Bediveer's ghost, journeyman VSBr
D:11 Erolcha


Innate Abilities, Weirdness & Mutations

You are a tree.
Your roots penetrate the ground, keeping you stationary.
You cannot be teleported.
You are immune to unholy pain and torment.
Your maximum health is greatly increased.
Your equipment is partially melded.
((You are partially covered in slimy green scales. (AC +2)))
You may rarely emit foul miasma when damaged in melee.
You regenerate a little health from kills.
((Your touch may inflict minor irresistible damage on your foes.))
You are agile. (Dex +2)
Your spells are a little easier to cast, but a little less powerful.


Message History

It was a potion of berserk rage.
A red film seems to cover your vision as you go berserk!
You feel yourself moving faster!
You feel mighty!
The death knight hits you with a +0 broad axe.
* * * LOW HITPOINT WARNING * * *
You block the freezing wraith's attack.
The freezing wraith hits you but does no damage.
The phantasmal warrior hits you but does no damage.
Your orange demon closely misses the phantasmal warrior. x2
Unknown command.
You slash the phantasmal warrior!
The phantasmal warrior is heavily damaged.
The death knight hits you with a +0 broad axe!
* * * LOW HITPOINT WARNING * * *
You block the freezing wraith's attack.
The freezing wraith hits you but does no damage.
Unknown command.
You closely miss the phantasmal warrior.
The phantasmal warrior is heavily damaged.
The phantasmal warrior hits you!
* * * LOW HITPOINT WARNING * * *
Your orange demon stings the phantasmal warrior!
Your orange demon hits the phantasmal warrior but does no damage.
Unknown command.
You slash the phantasmal warrior!
The phantasmal warrior is almost destroyed.
You block the death knight's attack.
You block the freezing wraith's attack. x2
Unknown command.
You are too berserk!
You closely miss the phantasmal warrior.
The phantasmal warrior is almost destroyed.
The phantasmal warrior hits you but does no damage.
Your orange demon stings the phantasmal warrior!
The phantasmal warrior is destroyed!
Makhleb accepts your kill. You block the death knight's attack.
You slash the death knight! You drain the death knight.
The death knight is moderately wounded.
The death knight reflects your damage back at you!
You die...

#..# #.........# #..#
#.........# #..#
#.........# #.<#
#..$......# #..#
#..[......# #..#
#.........# ...####..#
#W........#
.........#####p.........
.......[...4.♣WW........
########################


You could see a death knight (reflects damage, drained, ally target), 2 freezing
wraiths, a wraith and a friendly orange demon (summoned).

Vanquished Creatures
  Snorg (D:10)
  3 two-headed ogres
  Nergalle (D:10)
  Maurice (D:8)
  An unseen horror (D:7)
  Maggie (D:10)
  A shadow (D:9)
  A vampire (D:6)
  A wyvern (D:9)
  7 yaks (D:9)
  A steam dragon (D:8)
  A vampire mosquito (D:6)
  4 water moccasins
  A black bear (D:5)
  An ice beast (D:7)
  2 orc warriors (Bailey)
  5 ogres
  2 necrophages
  A centaur (D:9)
  A phantom (D:6)
  5 kobold brigands
  4 bullfrogs
  2 gnoll sergeants
  4 scorpions
  A wyvern skeleton (D:6)
  A water moccasin skeleton (D:6)
  10 killer bees
  2 howler monkeys
  3 hounds
  3 centaur zombies
  2 bullfrog skeletons
  2 jellies (D:6)
  3 orc priests
  2 centaur skeletons
  A gnoll shaman (D:5)
  3 iguanas
  6 orc wizards
  A killer bee zombie (D:8)
  2 hound skeletons
  19 gnolls
  4 adders
  2 ufetubi
  An adder skeleton (D:4)
  A worm (D:3)
  A dart slug (D:1)
  24 orcs
  7 ball pythons
  3 endoplasms
  10 goblins
  A hobgoblin (D:2)
  3 jackals (D:3)
  23 kobolds
  4 quokkas
  10 bats
  3 frilled lizards
  5 rats
215 creatures vanquished.

Vanquished Creatures (collateral kills)
  A phantasmal warrior (D:11)
  2 yaks (D:9)
  2 orc warriors
  5 kobold brigands (Bailey)
  An orc (D:9)
  2 kobolds (Bailey)
13 creatures vanquished.

Vanquished Creatures (others)
  2 yaks (D:9)
2 creatures vanquished.

Grand Total: 230 creatures vanquished

Notes
Turn   | Place    | Note
-------+----------+-------------------------------------------
     0 | D:1      | Icepheonix32 the Demonspawn Fighter began the quest for the
                  | Orb.
     0 | D:1      | Reached XP level 1. HP: 18/18 MP: 1/1
   196 | D:1      | Found a faded altar of an unknown god.
   227 | D:1      | Gained mutation: You regenerate a little health from kills.
                  | [demonic ancestry]
   227 | D:1      | Reached XP level 2. HP: 17/24 MP: 2/2
   391 | D:1      | Reached skill level 2 in Long Blades
   913 | D:2      | Reached XP level 3. HP: 8/29 MP: 3/3
  1219 | D:2      | You fall into a shaft and drop 2 floors!
  1332 | D:4      | Identified the +8 falchion "Powka" {drain, rPois}
  1532 | D:3      | Gained mutation: You are partially covered in slimy green
                  | scales. (AC +2) [demonic ancestry]
  1532 | D:3      | Reached XP level 4. HP: 35/35 MP: 4/4
  1680 | D:2      | Found an opulent altar of Gozag.
  1757 | D:2      | Reached skill level 3 in Long Blades
  2413 | D:3      | Reached XP level 5. HP: 22/41 MP: 5/5
  2819 | D:4      | Found a staircase to the Ecumenical Temple.
  2830 | D:4      | Reached skill level 4 in Long Blades
  2837 | Temple   | Entered the Ecumenical Temple
  2908 | Temple   | Became a worshipper of Makhleb the Destroyer
  3073 | D:4      | Noticed a necrophage
  3080 | D:4      | Killed a necrophage
  3081 | D:4      | Reached skill level 1 in Invocations
  3081 | D:4      | Reached XP level 6. HP: 47/47 MP: 6/6
  3314 | D:4      | Reached skill level 5 in Long Blades
  3469 | D:4      | Found a shimmering blue altar of Sif Muna.
  3630 | D:5      | Entered Level 5 of the Dungeon
  3641 | D:5      | Reached skill level 1 in Dodging
  3641 | D:5      | Reached XP level 7. HP: 36/52 MP: 8/8
  3915 | D:5      | Reached skill level 6 in Long Blades
  4072 | D:5      | Reached * piety under Makhleb
  4146 | D:5      | Found a broken altar of Ashenzari.
  4307 | D:5      | Reached skill level 7 in Long Blades
  4538 | D:6      | Gained mutation: You occasionally shout uncontrollably at
                  | your foes. [potion of mutation]
  4538 | D:6      | Gained mutation: You are agile. (Dex +2) [potion of
                  | mutation]
  4545 | D:6      | Reached skill level 1 in Throwing
  4545 | D:6      | Reached XP level 8. HP: 60/60 MP: 10/10
  4596 | D:6      | Found Egara's Dragon-Slaying Spoils.
  4662 | D:6      | Reached skill level 8 in Long Blades
  4758 | D:6      | Found a large runed translucent door.
  4759 | D:6      | Found a large runed translucent door.
  4816 | D:6      | Reached skill level 9 in Long Blades
  4941 | D:6      | Found a large runed translucent door.
  4941 | D:6      | Found a large runed translucent door.
  4949 | D:6      | Reached skill level 10 in Long Blades
  4992 | D:6      | Reached skill level 11 in Long Blades
  5324 | D:6      | Gained mutation: Your touch may inflict minor irresistible
                  | damage on your foes. [demonic ancestry]
  5324 | D:6      | Reached XP level 9. HP: 63/65 MP: 12/12
  5374 | D:7      | Reached ** piety under Makhleb
  5420 | D:7      | Reached skill level 12 in Long Blades
  5555 | D:7      | Killed an unseen horror
  5556 | D:7      | Reached skill level 13 in Long Blades
  5621 | D:7      | Found a snail-covered altar of Cheibriados.
  5742 | D:7      | Reached skill level 14 in Long Blades
  6363 | D:8      | Noticed Maurice
  6376 | D:8      | Killed Maurice
  6590 | D:8      | Gained mutation: You may rarely emit foul miasma when
                  | damaged in melee. [demonic ancestry]
  6590 | D:8      | Reached XP level 10. HP: 71/71 MP: 13/13
  6590 | D:8      | Lost mutation: You occasionally shout uncontrollably at
                  | your foes. [potion of mutation]
  6590 | D:8      | Lost mutation: You are agile. (Dex +2) [potion of mutation]
  6590 | D:8      | Gained mutation: You are strong-willed. (Will+) [potion of
                  | mutation]
  6590 | D:8      | Gained mutation: You are highly strong-willed. (Will++)
                  | [potion of mutation]
  6590 | D:8      | Gained mutation: Armour fits poorly on your strangely
                  | shaped body. [potion of mutation]
  6591 | D:8      | Lost mutation: You are highly strong-willed. (Will++)
                  | [potion of mutation]
  6591 | D:8      | Lost mutation: You are strong-willed. (Will+) [potion of
                  | mutation]
  6591 | D:8      | Gained mutation: You have a pair of small antennae on your
                  | head. [potion of mutation]
  6591 | D:8      | Gained mutation: You sometimes lose the ability to read
                  | scrolls when taking damage. [potion of mutation]
  6593 | D:8      | Lost mutation: You sometimes lose the ability to read
                  | scrolls when taking damage. [potion of mutation]
  6593 | D:8      | Lost mutation: You have a pair of small antennae on your
                  | head. [potion of mutation]
  6593 | D:8      | Gained mutation: You have sharp toenails. [potion of
                  | mutation]
  6593 | D:8      | Gained mutation: Your system is resistant to poisons.
                  | (rPois) [potion of mutation]
  6594 | D:8      | Lost mutation: You have sharp toenails. [potion of
                  | mutation]
  6594 | D:8      | Lost mutation: Armour fits poorly on your strangely shaped
                  | body. [potion of mutation]
  6594 | D:8      | Gained mutation: Armour fits poorly on your strangely
                  | shaped body. [potion of mutation]
  6594 | D:8      | Gained mutation: You have supernaturally acute eyesight.
                  | (SInv) [potion of mutation]
  6603 | D:8      | Found an opulent altar of Gozag.
  6671 | D:8      | Found a sacrificial altar of Ru.
  6845 | D:8      | Noticed a two-headed ogre
  6860 | D:8      | Killed a two-headed ogre
  6860 | D:8      | Reached *** piety under Makhleb
  6861 | D:8      | Reached skill level 15 in Long Blades
  7163 | D:9      | Found a flagged portal.
  7178 | Bailey   | Entered a bailey
  7199 | Bailey   | Reached skill level 1 in Stealth
  7500 | Bailey   | Found an iron altar of Okawaru.
  7520 | Bailey   | Identified the +1 robe of Twilight {rPois rC+}
  7589 | D:9      | Reached skill level 5 in Invocations
  7768 | D:9      | Found a radiant altar of Vehumet.
  7803 | D:9      | Reached **** piety under Makhleb
  7880 | D:9      | Found Udix's Distillery.
  7888 | D:9      | Bought a potion of haste for 130 gold pieces
  7888 | D:9      | Bought a potion of degeneration for 13 gold pieces
  7888 | D:9      | Bought a potion of heal wounds for 65 gold pieces
  7888 | D:9      | Bought a potion of mutation for 104 gold pieces
  7888 | D:9      | Lost mutation: Your system is resistant to poisons. (rPois)
                  | [potion of mutation]
  7888 | D:9      | Lost mutation: Armour fits poorly on your strangely shaped
                  | body. [potion of mutation]
  7888 | D:9      | Lost mutation: You have supernaturally acute eyesight.
                  | (SInv) [potion of mutation]
  7888 | D:9      | Gained mutation: You are agile. (Dex +2) [potion of
                  | mutation]
  7888 | D:9      | Gained mutation: Your spells are a little easier to cast,
                  | but a little less powerful. [potion of mutation]
  8080 | D:9      | Found Irrou's General Store.
  8360 | D:10     | Entered Level 10 of the Dungeon
  8360 | D:10     | Noticed Snorg
  8377 | D:10     | HP: 3/73 [Snorg (9)]
  8381 | D:10     | Killed Snorg
  8382 | D:10     | Reached XP level 11. HP: 22/78 MP: 15/15
  8672 | D:10     | Noticed Maggie
  8684 | D:10     | Killed Maggie
  8696 | D:10     | Noticed Nergalle
  8699 | D:10     | Noticed a spectral orc warlord
  8782 | D:10     | Noticed a two-headed ogre
  8793 | D:10     | Killed a two-headed ogre
  8794 | D:10     | Reached skill level 5 in Armour
  8794 | D:10     | Reached skill level 5 in Shields
  8796 | D:10     | Killed Nergalle
  8797 | D:10     | Reached skill level 5 in Fighting
  8836 | D:10     | Noticed a two-headed ogre
  8840 | D:10     | Killed a two-headed ogre
  8898 | D:10     | Found a runed translucent door.
  8913 | D:10     | Noticed Bediveer's ghost (journeyman VSBr)
  9016 | D:10     | Identified the +7 dagger of Watchfulness {speed, *Slow rC+
                  | Str+7}
  9030 | D:10     | Found an ancient bone altar of Kikubaaqudgha.
  9323 | D:11     | Noticed a death knight
  9323 | D:11     | Noticed a phantasmal warrior
  9324 | D:11     | Noticed Erolcha
  9355 | D:11     | HP: 3/180 [phantasmal warrior[a death knight] (12)]
  9357 | D:11     | Killed a phantasmal warrior
  9358 | D:11     | Killed by mirror damage

Illustrated notes

Levels and vault maps discovered:
D:1:      ebering_trefoil_twist, layout_basic,
          hellmonk_ecumenical_altar_heavens_door
D:2:      layout_basic, basic_altar
D:3:      layout_loops_ring
D:4:      layout_basic, lemuel_blue_sif_altar, minmay_temple_entry_poolview
D:5:      layout_basic, ashenzari_conservatory_becter, st_stairs_1
D:6:      layout_rooms, elyvilon_altar_3, nicolae_shop_dragon_depot,
          minmay_hollow_rounded_squares
D:7:      layout_gridville, lemuel_doored_altar, serial_rivers,
          chequers_serial_rivers_micro_e, chequers_serial_rivers_room_a,
          chequers_serial_rivers_small_3, chequers_serial_rivers_micro_b
D:8:      layout_cave_pools, nicolae_ru_great_annihilating_truth,
          mainiacjoe_overflow_brackets, kennysheep_generic_room_7, uniq_maurice
D:9:      layout_rooms, mainiacjoe_overflow_alcove_4,
          lightli_bailey_entry_fortress, serial_shops, nicolae_shop_crystal,
          nicolae_shop_hallway_stairs, minivault_27
D:10:     layout_cave_pools, kiku_gazebo_garden_becter,
          ebering_ghost_reflecting_pool, minmay_misc_feat_plants, uniq_nergalle,
          uniq_maggie, uniq_snorg
D:11:     layout_long_grid, david_lair_shrubbed, orc_0_dummy,
          ebering_ghost_gozag, uniq_erolcha
Temple:   eino_temple_water

Skill      XL: |  1  2  3  4  5  6  7  8  9 10 11 |
---------------+----------------------------------+-----
Armour         | 3 4 5 |  5.4
Long Blades    | 2 3 4 5 7 11 14 15 | 15.8
Shields        | 3 4 5 |  5.2
Invocations    | 1 2 3 4 5 6 |  6.7
Dodging        | 1 2 |  2.3
Throwing       | 1 3 |  3.7
Fighting       | 4 5 |  5.3
Stealth        | 1 |  1.5

Action                   |  1- 3 |  4- 6 |  7- 9 | 10-12 || total
-------------------------+-------+-------+-------+-------++-------
Melee: Long sword        |    81 |       |       |       ||    81
       Falchion          |     2 |   104 |   211 |   235 ||   552
Throw: Dart              |     4 |       |     6 |    22 ||    32
       Boomerang         |       |       |    30 |     8 ||    38
Invok: Lesser Servant of |       |       |       |     4 ||     4
Evoke: Wand              |       |       |     2 |       ||     2
  Use: Scroll            |     2 |     2 |     4 |     2 ||    10
       Potion            |     1 |     1 |     2 |    19 ||    23
Armor: Scale mail        |    48 |       |       |       ||    48
       Skin              |     2 |       |       |    21 ||    23
       Ring mail         |       |    35 |    82 |    35 ||   152
       Troll leather arm |       |       |       |     6 ||     6
Dodge: Dodged            |    37 |    31 |    59 |    56 ||   183
Block: Buckler           |    21 |    59 |    91 |   105 ||   276
       Reflection        |       |       |     2 |     9 ||    11
